 Dungeon Crawl Stone Soup version 0.24-a0-415-g6d73c25c48 (webtiles) character file.

Game seed: 6963595584773636447

5754 Chimkentus the Changer (level 10, -1/68 HPs)
             Began as an Octopode Assassin on June 7, 2019.
             Slain by a troll (10 damage)
             ... on level 9 of the Dungeon on June 8, 2019.
             The game lasted 01:40:29 (12690 turns).

Chimkentus the Changer (Octopode Assassin)         Turns: 12690, Time: 01:40:30

Health: -1/68      AC:  3    Str: 15    XL:     10   Next: 78%
Magic:  0/18       EV: 15    Int: 13    God:
Gold:   482        SH:  0    Dex: 13    Spells: 9/20 levels left

rFire    + . .     SeeInvis .   P - +1 halberd "Geyrups" {speed, rElec}
rCold    x . .     Gourm    .   (shield currently unavailable)
rNeg     . . .     Faith    .   I - +0 hat {MR+}
rPois    +         Spirit   +   H - amulet of guardian spirit
rElec    +         Reflect  .   y - +2 ring of protection
rCorr    +         Harm     .   Q - ring of fire
MR       +....                  T - ring of resist corrosion
Stlth    ++++......             z - ring of poison resistance
HPRegen  0.21/turn              (no ring)
MPRegen  0.16/turn              (no ring)
                                (no ring)
                                (no ring)

@: appendage
A: almost no armour, stealthy swim, amphibious, 8 rings, constrict 8, tentacle
spike 3, camouflage 1, gelatinous body 1
a: End Transformation


You were on level 9 of the Dungeon.
You were very hungry.
One of your tentacles had a temporary spike.
You visited 2 branches of the dungeon, and saw 11 of its levels.
You also visited: Sewer.

You collected 482 gold pieces.

Inventory:

Hand Weapons
 c - a +2 falchion of holy wrath
 n - a +0 hunting sling
 s - a +3 hand axe
 u - a +5 dagger of freezing
 G - a +0 long sword
 P - the +1 halberd "Geyrups" (weapon) {speed, rElec}
   (You found it on level 8 of the Dungeon)

   Attacks with this weapon are significantly faster.
   It insulates you from electricity.
 R - a +2 flail of holy wrath
 Z - a +4 flail of crushing
Missiles
 a - 4 javelins
 b - 29 poisoned darts (quivered)
 j - 125 arrows
 v - 14 boomerangs
 D - 3 throwing nets
 S - 11 sling bullets
 X - a curare-tipped dart
Armour
 e - a +0 shield
 I - a +0 hat of magic resistance (worn)
Jewellery
 y - a +2 ring of protection (left tentacle)
 z - a ring of poison resistance (on tentacle)
 H - an amulet of guardian spirit (around mantle)
 Q - a ring of fire (right tentacle)
 T - a ring of resist corrosion (on tentacle)
Wands
 B - a wand of flame (5)
 C - a wand of iceblast (3)
 K - a wand of acid (9)
 L - a wand of paralysis (9)
 O - a wand of random effects (17)
 W - a wand of polymorph (5)
 Y - a wand of scattershot (6)
Scrolls
 l - a scroll of immolation
 m - a scroll of teleportation
 o - 4 scrolls of remove curse
 E - a scroll of magic mapping
 M - a scroll of amnesia
 N - a scroll of fog
Potions
 h - a potion of invisibility
 i - a potion of resistance
 k - a potion of ambrosia
 p - 3 potions of curing
 r - a potion of agility
 w - 3 potions of brilliance
 x - a potion of mutation
 A - 2 potions of flight
 J - a potion of might {unknown}
 V - a potion of haste {unknown}
Comestibles
 d - 28 rations


   Skills:
 * Level 6.2 Fighting
 + Level 4.2(4.5) Short Blades
 + Level 2.4(3.6) Long Blades
 + Level 0.2 Polearms
 - Level 0.9(3.0) Slings
 + Level 4.6(4.7) Throwing
 + Level 4.7 Dodging
 + Level 6.3 Stealth
 * Level 5.5 Shields
 + Level 1.3 Unarmed Combat
 + Level 5.8 Spellcasting
 * Level 3.1 Charms
 + Level 0.3 Translocations
 + Level 6.7 Transmutations
 + Level 1.1 Poison Magic
 + Level 2.0 Evocations


You had 9 spell levels left.
You knew the following spells:

 Your Spells              Type           Power        Failure   Level  Hunger
a - Beastly Appendage     Tmut           ###...       1%          1    None
b - Sticks to Snakes      Tmut           ###.....     1%          2    ##.....
c - Spider Form           Tmut/Pois      ##........   11%         3    ###....
d - Shroud of Golubria    Chrm/Tloc      #.....       13%         2    ##.....
e - Regeneration          Chrm/Necr      #.........   26%         3    ###....

Your spell library contained the following spells:

 Spells                   Type           Power        Failure   Level  Hunger
 Infusion                 Chrm           ##..         4%          1    None
 Song of Slaying          Chrm           ##......     7%          2    ##.....
 Spectral Weapon          Hex/Chrm       #.......     26%         3    ###....
 Blade Hands              Tmut           ###.......   30%         5    ######.
 Ice Form                 Ice/Tmut       ##......     41%         4    ####...


Dungeon Overview and Level Annotations

Branches:
Dungeon (10/15)            Temple (1/1) D:4            Lair (0/6) D:10
    Orc (0/2) D:9

Altars:
Ashenzari
Cheibriados
Dithmenos
Elyvilon
Fedhas
Gozag
Hepliaklqana
Kikubaaqudgha
Makhleb
Nemelex Xobeh
Okawaru
Qazlal
Ru
Sif Muna
Trog
Uskayaw
Vehumet
Wu Jian
Xom
Yredelemnul
Zin
The Shining One

Shops:
D:5 %   D:7 :

Annotations:
D:5 exclusion: sky beast


Innate Abilities, Weirdness & Mutations

You cannot wear most types of armour.
You are very stealthy in the water. (Stealth+)
You are amphibious.
You can wear up to eight rings at the same time.
You can use your tentacles to constrict eight enemies at once.
Your skin changes colour to match your surroundings (Stealth+).
Your rubbery body absorbs attacks. (AC +1, EV +1)
One of your tentacles bears a large vicious spike.


Message History

The troll claws you!
Your adder bites the troll.
You slash the troll!
The troll is heavily wounded.
The troll bites you. The troll claws you! x2
Your adder closely misses the troll.
Unknown command.
Casting: Sticks to Snakes (safe; 1% risk of failure)
Confirm with . or Enter, or press ? or * to list all spells.
You create a snake!
You now have 126 arrows.
Your adder barely misses the troll.
The troll closely misses you. The troll barely misses you. The troll claws you.
Your adder bites the troll but does no damage.
Casting: Sticks to Snakes (safe; 1% risk of failure)
Confirm with . or Enter, or press ? or * to list all spells.
You create a snake!
You now have 125 arrows.
The troll bites you!
* * * LOW HITPOINT WARNING * * *
The troll claws you!
* * * LOW HITPOINT WARNING * * *
The troll claws you!
You die...

.#............# #.# #..
.>##..........# #.# #..
...#..........# #.# #..
...#..........#####.# #..
...#................###########..
...####.....O....................
......#(###########..............
.....##.#.....SS..#..............
.....#..#.......@.#..............
.....#..#.......TS#..............
.....#..#.........#..............
.....#..#.........#..............
.....#..#.........#..............
..####..#.........#..............
..#.....#.......(##..........####
..#....>#........#.......###'#..#
###.....#........#.......#......#


You could see a troll, a friendly adder and 2 friendly ball pythons.

Vanquished Creatures
  A hydra (D:8)
  Nergalle (D:10)
  A troll (D:9)
  A hippogriff (D:9)
  Prince Ribbit (D:8)
  2 dream sheep (D:8)
  Sigmund (D:2)
  Eustachio (D:6)
  2 yaks
  A water moccasin (D:9)
  4 orc warriors
  2 sky beasts
  2 ice beasts
  2 ogres
  A centaur (D:5)
  A crocodile (Sewer)
  4 big kobolds
  5 bullfrogs
  A wyvern skeleton (D:9)
  2 scorpions
  4 howler monkeys
  4 hounds
  3 bullfrog zombies
  2 crimson imps
  2 jellies
  4 orc priests
  2 centaur skeletons
  4 orc wizards
  Jessica (D:2)
  2 iguanas
  5 worker ants
  A worker ant zombie (D:8)
  3 gnolls (D:4)
  5 adders
  2 shadow imps
  3 worms (D:2)
  A dart slug (D:1)
  6 leopard geckos
  43 orcs
  5 giant cockroaches
  8 goblins
  6 hobgoblins
  6 jackals
  2 quokkas
  2 ball pythons
  5 bats
  3 frilled lizards
  18 kobolds
  A leopard gecko skeleton (D:4)
  6 rats
  A plant (D:8)
196 creatures vanquished.

Vanquished Creatures (collateral kills)
  A centaur (D:8)
  A bullfrog (D:8)
  A hound (D:6)
  An orc wizard (D:8)
4 creatures vanquished.

Vanquished Creatures (others)
  A plant (D:8)
1 creature vanquished.

Grand Total: 201 creatures vanquished

Notes
Turn   | Place    | Note
-------+----------+-------------------------------------------
     0 | D:1      | Chimkentus the Octopode Assassin began the quest for the
                  | Orb.
     0 | D:1      | Reached XP level 1. HP: 14/14 MP: 1/1
   351 | D:1      | Reached XP level 2. HP: 16/19 MP: 2/2
   768 | D:2      | Noticed Sigmund
   770 | D:2      | Killed Sigmund
   770 | D:2      | Reached XP level 3. HP: 26/26 MP: 3/3
   770 | D:2      | Reached XP level 4. HP: 31/31 MP: 4/4
   770 | D:2      | Reached XP level 5. HP: 36/36 MP: 5/5
   804 | D:2      | Noticed Jessica
   852 | D:2      | Learned a level 1 spell: Beastly Appendage
   855 | D:2      | Learned a level 2 spell: Sticks to Snakes
  1672 | D:2      | Killed Jessica
  1672 | D:2      | Reached XP level 6. HP: 42/42 MP: 4/6
  1864 | D:3      | Reached skill level 1 in Transmutations
  2238 | D:3      | Reached skill level 1 in Spellcasting
  2977 | D:4      | Found a glowing drain.
  3006 | Sewer    | Entered a sewer
  3076 | Sewer    | Reached XP level 7. HP: 25/47 MP: 2/9
  3281 | D:4      | Found a staircase to the Ecumenical Temple.
  3290 | Temple   | Entered the Ecumenical Temple
  4310 | D:4      | Learned a level 3 spell: Spider Form
  4311 | D:5      | Entered Level 5 of the Dungeon
  4612 | D:5      | Found a shimmering altar of Xom.
  4777 | D:5      | Reached skill level 1 in Shields
  4908 | D:5      | Found a hide-covered altar of Uskayaw.
  4918 | D:5      | Found a shattered altar of Ashenzari.
  4920 | D:5      | Found a burning altar of Makhleb.
  4921 | D:5      | Found a glowing golden altar of the Shining One.
  4924 | D:5      | Found a radiant altar of Vehumet.
  5025 | D:5      | Found Piaqut's Food Boutique.
  5193 | D:6      | Identified the +2 leather armour of Vaeq {Str+4}
  5204 | D:6      | Reached XP level 8. HP: 40/54 MP: 11/11
  6893 | D:6      | Noticed Eustachio
  6928 | D:6      | Reached skill level 5 in Transmutations
  7112 | D:6      | Killed Eustachio
  7171 | D:7      | Reached XP level 9. HP: 59/59 MP: 3/14
  7434 | D:7      | Reached skill level 5 in Fighting
  7497 | D:7      | Found a basalt altar of Yredelemnul.
  7497 | D:7      | Found a bloodstained altar of Trog.
  7610 | D:7      | Reached skill level 1 in Evocations
  7765 | D:7      | Found Zaucacee's Book Boutique.
  8310 | D:8      | Learned a level 2 spell: Shroud of Golubria
  8613 | D:8      | Found a glowing silver altar of Zin.
  8613 | D:8      | Found a shadowy altar of Dithmenos.
  8711 | D:8      | Reached skill level 1 in Poison Magic
  8936 | D:8      | Noticed Prince Ribbit
  8945 | D:8      | Killed Prince Ribbit
  8945 | D:8      | Reached skill level 1 in Long Blades
  8945 | D:8      | Reached skill level 1 in Charms
  9099 | D:9      | Found a staircase to the Orcish Mines.
  9122 | D:9      | Noticed a two-headed ogre
  9168 | D:9      | Noticed a two-headed ogre
  9278 | D:8      | Reached XP level 10. HP: 52/66 MP: 10/17
  9657 | D:8      | Reached skill level 5 in Spellcasting
  9817 | D:8      | Noticed a two-headed hydra
 10193 | D:8      | Killed a two-headed hydra
 10193 | D:8      | Reached skill level 1 in Unarmed Combat
 10205 | D:8      | Reached skill level 5 in Shields
 10220 | D:8      | Got a slimy halberd
 10221 | D:8      | Identified the cursed +1 halberd "Geyrups" {speed, rElec}
                  | (You found it on level 8 of the Dungeon)
 10379 | D:10     | Entered Level 10 of the Dungeon
 10520 | D:10     | Noticed Nergalle
 10925 | D:9      | Noticed a two-headed ogre
 11273 | D:8      | Learned a level 3 spell: Regeneration
 11361 | D:10     | HP: 3/68 [yak (15)]
 11378 | D:9      | Identified a scroll of acquirement
 11789 | D:10     | Found a staircase to the Lair.
 11807 | D:10     | Killed Nergalle
 11886 | D:10     | Noticed an orc knight
 12690 | D:9      | Slain by a troll

Levels and vault maps discovered:
D:1:      dpeg_arrival_radiant, layout_rooms
D:2:      layout_basic, uniq_sigmund, uniq_jessica
D:3:      layout_basic
D:4:      layout_gridville, minmay_temple_entry_drinking_statues,
          portal_sewer_entry_f
D:5:      layout_basic, lemuel_doored_altar, minitemple, serial_shops,
          kennysheep_mini_moat, first_ration, hangedman_abyss_or_decor_stabs,
          uniq_crazy_yiuf_cottage
D:6:      layout_basic, uniq_eustachio
D:7:      layout_rooms, grunt_temple_overflow_open, serial_shops, shop
D:8:      layout_basic, gammafunk_temple_overflow_statue, hangedman_ranch
          [blue_anna_fruit_fields], uniq_prince_ribbit1
D:9:      layout_irregular_city, orc_0_dummy
D:10:     layout_rooms, lair_entry_dummy, minmay_misc_feat_tower,
          minmay_curled_crystal, uniq_nergalle
Temple:   minmay_temple_bridge_abc

Skill      XL: |  1  2  3  4  5  6  7  8  9 10 |
---------------+-------------------------------+-----
Fighting       | 3 4 5 6 |  6.2
Short Blades   | 3 4 |  4.2
Dodging        | 2 3 4 |  4.7
Transmutations | 2 3 5 6 |  6.7
Throwing       | 3 4 |  4.6
Spellcasting   | 1 2 3 4 5 |  5.8
Shields        | 1 2 4 5 |  5.5
Evocations     | 1 2 |  2.0
Poison Magic   | 1 |  1.1
Stealth        | 6 |  6.3
Long Blades    | 1 2 |  2.4
Charms         | 1 3 |  3.1
Unarmed Combat | 1 |  1.3
Polearms       | |  0.2
Slings         | |  0.9
Translocations | |  0.3

Action                   |  1- 3 |  4- 6 |  7- 9 | 10-12 || total
-------------------------+-------+-------+-------+-------++-------
Melee: Dagger            |    23 |   108 |   112 |    18 ||   261
       Constrict         |     2 |    26 |    49 |     6 ||    83
       Tentacles         |     1 |    16 |    42 |    22 ||    81
       Kick              |       |    18 |    40 |    16 ||    74
       Unarmed           |       |       |    34 |    27 ||    61
       Long sword        |       |       |    14 |       ||    14
       Falchion          |       |       |    51 |    44 ||    95
       Halberd           |       |       |       |    30 ||    30
       Punch             |       |       |       |     2 ||     2
 Fire: Hunting sling     |       |    25 |     5 |     1 ||    31
Throw: Dart              |     4 |    13 |    60 |    26 ||   103
       Boomerang         |       |       |    19 |    10 ||    29
       Throwing net      |       |       |       |     3 ||     3
 Cast: Beastly Appendage |       |    27 |    54 |    17 ||    98
       Sticks to Snakes  |       |     4 |    24 |    35 ||    63
       Spider Form       |       |       |     6 |     3 ||     9
       Shroud of Golubri |       |       |     2 |    10 ||    12
       Regeneration      |       |       |       |     2 ||     2
Evoke: Wand              |       |       |    15 |     5 ||    20
  Use: Scroll            |       |    10 |     5 |    17 ||    32
       Potion            |       |       |     5 |     1 ||     6
 Stab: Sleeping          |     8 |    13 |    13 |     1 ||    35
       Distracted        |       |       |     2 |     2 ||     4
  Eat: Chunk             |       |     8 |    19 |     8 ||    35
       Ration            |       |       |     1 |     1 ||     2
Armor: Skin              |     2 |     2 |    18 |     5 ||    27
Dodge: Dodged            |     7 |    48 |   187 |    98 ||   340
       Rpst.: Falchion   |       |       |    16 |     3 ||    19
       Long sword        |       |       |     1 |       ||     1

Table legend:
 A = Non-vault XP
 B = Vault XP
 C = Vault XP percentage of total XP
 D = Non-vault monster count
 E = Vault monster count
 F = Vault count percentage of total count
                 A         B        C        D         E       F
            +---------+---------+-------+---------+---------+-------
      Total |    4643 |    3578 |  43.5 |     175 |      24 |  12.1
            +---------+---------+-------+---------+---------+-------
        D:1 |      21 |       0 |   0.0 |      14 |       0 |   0.0
        D:2 |      59 |     264 |  81.7 |      15 |       2 |  11.8
        D:3 |     205 |       0 |   0.0 |      35 |       0 |   0.0
        D:4 |     134 |      14 |   9.5 |      10 |       5 |  33.3
        D:5 |     384 |       0 |   0.0 |       9 |       0 |   0.0
        D:6 |     883 |     202 |  18.6 |      21 |       1 |   4.5
        D:7 |     568 |     194 |  25.5 |      20 |       1 |   4.8
        D:8 |     992 |    2013 |  67.0 |      33 |       8 |  19.5
        D:9 |    1174 |       0 |   0.0 |      13 |       0 |   0.0
       D:10 |     223 |     784 |  77.9 |       5 |       1 |  16.7
      Sewer |       0 |     107 | 100.0 |       0 |       6 | 100.0
            +---------+---------+-------+---------+---------+-------
